cohdb
Replays
Latest Replays
All Replays
Popular Replays
Top Player Replays
Match Explorer
How It Works
Community
CoH3 Stats
Reddit
Sign in to upload your games and track your stats! →
Sign in with Steam
Match 38351607
Unlisted
Match 38351607
Overview
Messages
Build Orders
End
Royal Engineer Section
Construct Section Command Post
Selects Heavy Armor Battlegroup
Selects Heavy Armor Battlegroup
Dingo Light Scout Car
Infantry Section
Infantry Section
Selects Rigorous Vehicle Training
Infantry Section
Infantry Section
Construct Platoon Command Post
6-pounder Anti-tank Gun Team
Selects Crusader AA Medium Tank
Construct Field Infirmary
ML 3-inch Mortar Team
Unlock M3 Stuart Light Tanks
sharpshooter
WeakTendon
PaniCoC
JT
0
0
Comments
sign in to comment!
No comments posted yet!